 Dungeon Crawl Stone Soup version 0.29-a0-857-g9b1aa3ac5b (webtiles) character file.

Game seed: 17600262548791935277

271 PyroL the Trooper (level 6, -3/56 HPs)
             Began as a Hill Orc Fighter on July 16, 2022.
             Was an Initiate of Beogh.
             Slain by Sigmund
             ... wielding a +3 scythe of freezing
              (6 damage)
             ... on level 4 of the Dungeon.
             The game lasted 00:05:21 (3565 turns).

PyroL the Trooper (Hill Orc Fighter)                Turns: 3565, Time: 00:05:22

Health: -3/56      AC:  6    Str: 21    XL:     6   Next: 23%
Magic:  18/18      EV:  9    Int:  8    God:    Beogh [......]
Gold:   149        SH:  4    Dex: 10    Spells: 5/5 levels left

rFire   + . .      SeeInvis .   a - +0 war axe
rCold   x . .      Faith    .   c - +0 buckler
rNeg    . . .      Spirit   .   b - +0 scale mail
rPois   .          Reflect  .   (no helmet)
rElec   .          Harm     .   (no cloak)
rCorr   .          Rampage  .   (no gloves)
Will    .....                   (no boots)
Stlth   ..........              g - amulet of magic regeneration
HPRegen 0.18/turn               i - ring of magical power
MPRegen 0.56/turn               j - ring of fire

@: no status effects
A: no striking features
a: Renounce Religion


You were on level 4 of the Dungeon.
You worshipped Beogh.
Beogh was noncommittal.
You visited 1 branch of the dungeon, and saw 4 of its levels.

You collected 149 gold pieces.

Inventory:

Hand Weapons
 a - a +0 war axe (weapon)
Armour
 b - a +0 scale mail (worn)
 c - a +0 buckler (worn)
Jewellery
 g - an amulet of magic regeneration (around neck)
 i - a ring of magical power (left hand)
 j - a ring of fire (right hand)
Scrolls
 e - 2 scrolls of fog
 k - a scroll of magic mapping {unknown}
 l - a scroll of poison
 m - a scroll of teleportation
 n - 3 scrolls of amnesia
 o - a scroll of noise {unknown}
Potions
 d - a potion of might
 f - 2 potions of curing
 h - a potion of brilliance
 p - a potion of invisibility
 q - a potion of flight {unknown}


   Skills:
 + Level 5.5 Fighting
 + Level 5.2 Axes
 - Level 3.2 Armour
 - Level 3.2 Shields
 + Level 4.3 Invocations


You had 5 spell levels left.
You didn't know any spells.
Your spell library contained the following spells:

 Spells                   Type           Power      Damage    Failure   Level
 Shock                    Conj/Air       0%         1d3       83%         1
 Blink                    Tloc           0%         N/A       93%         2
 Lesser Beckoning         Tloc           0%         N/A       99%         3
 Swiftness                Air            0%         N/A       99%         3
 Airstrike                Air            0%         0-1+      100%        4
 Manifold Assault         Tloc           0%         N/A       100%        5


Dungeon Overview and Level Annotations

Branches:
Dungeon (4/15)
 Temple: D:4-7

Altars:
Fedhas
Nemelex Xobeh
Uskayaw

Annotations:
D:1 1 transporter
D:4 Sigmund


Message History

An orc is nearby!
Sigmund gestures wildly while chanting.
Sigmund flickers and vanishes!
Deactivating autopickup; reactivate with Ctrl-A.
Things that are here:
a +0 dagger; a +0 dagger; a goblin corpse You start resting.
An orc is nearby!
An orc is nearby!
Things that are here:
a +0 dagger; a +0 dagger; a goblin corpse Something hits you.
Something freezes you. Something hits you.
* * * LOW HITPOINT WARNING * * *
Something freezes you.
* * * LOW HITPOINT WARNING * * *
You are too injured to fight recklessly!
Something hits you.
* * * LOW HITPOINT WARNING * * *
Something freezes you.
* * * LOW HITPOINT WARNING * * *
You miss something.
You hear some strange, mumbled words.
A magic dart appears from out of thin air!
The magic dart hits you but does no damage.
You hit something but do no damage.
You hear some strange, mumbled words.
A magic dart appears from out of thin air!
The magic dart hits you.
* * * LOW HITPOINT WARNING * * *
Something hits you!
* * * LOW HITPOINT WARNING * * *
Something freezes you.
* * * LOW HITPOINT WARNING * * *
You feel better.
Unknown command.
You barely miss something. Something hits you!
* * * LOW HITPOINT WARNING * * *
Something freezes you.
You die...

#..#...##
..######.##......
....o.......#.###
...#......#.#...
#......#.###..
#....o.#.# ##
#o.......# #
#....†)..#####.#
#........o{@...#
#.........######
.......)..##
.#........#
#........#
#####...## ...o..
....#


You could see an orc.

Vanquished Creatures
  A scorpion (D:4)
  A jelly (D:4)
  2 orc wizards (D:3)
  6 adders
  A worm (D:2)
  A dart slug (D:3)
  6 orcs
  10 ball pythons
  6 endoplasms
  3 giant cockroaches
  6 goblins
  4 hobgoblins
  7 jackals
  3 quokkas
  7 bats
  5 frilled lizards
  2 kobolds
  4 rats
75 creatures vanquished.

Notes
Turn   | Place    | Note
-------+----------+-------------------------------------------
     0 | D:1      | PyroL the Hill Orc Fighter began the quest for the Orb.
     0 | D:1      | Reached XP level 1. HP: 19/19 MP: 1/1
   162 | D:1      | Reached skill level 1 in Invocations
   162 | D:1      | Reached XP level 2. HP: 27/27 MP: 2/2
  1072 | D:2      | Reached XP level 3. HP: 33/33 MP: 4/4
  1530 | D:2      | Reached XP level 4. HP: 41/41 MP: 5/5
  2134 | D:3      | Reached skill level 5 in Fighting
  2134 | D:3      | Reached XP level 5. HP: 24/48 MP: 7/7
  2315 | D:3      | Found a faded altar of an unknown god.
  3315 | D:4      | Found a sparkling altar of Nemelex Xobeh.
  3320 | D:4      | Found a blossoming altar of Fedhas.
  3320 | D:4      | Found a hide-covered altar of Uskayaw.
  3353 | D:4      | Reached skill level 5 in Axes
  3353 | D:4      | Reached XP level 6. HP: 45/56 MP: 9/9
  3355 | D:4      | Noticed Sigmund
  3497 | D:4      | Became a worshipper of Beogh the Brigand
  3563 | D:4      | HP: 2/56 [something (4)]
  3565 | D:4      | Slain by Sigmund

Illustrated notes

Levels and vault maps discovered:
D:1:      spicycebolla_arrival_transporter_tutorial, layout_basic,
          corner_web_ring
D:2:      layout_basic
D:3:      layout_rooms, dreamdust_ecumenical_altar_angels_and_demons
D:4:      black_bear_nest_2, layout_rooms,
          chequers_temple_overflow_statue_of_worship, grunt_decor_fettered,
          uniq_sigmund, uniq_crazy_yiuf_cottage

Skill      XL: |  1  2  3  4  5 |
---------------+----------------+-----
Axes           | 3 4 5 |  5.2
Invocations    | 1 2 3 4 |  4.3
Fighting       | 4 5 |  5.5
Armour         | |  3.2
Shields        | |  3.2

Action                   |  1- 3 |  4- 6 || total
-------------------------+-------+-------++-------
Melee: War axe           |    95 |   114 ||   209
Invok: Convert to Beogh  |       |     1 ||     1
  Use: Scroll            |       |     7 ||     7
       Potion            |       |     1 ||     1
Armor: Scale mail        |    61 |    56 ||   117
Dodge: Dodged            |    48 |    61 ||   109
Block: Buckler           |    28 |    30 ||    58

Table legend: (Time is in decaauts)
 A = Elapsed time spent in this place.
 B = Non-inter-level travel time spent in this place.
 C = Inter-level travel time spent in this place.
 D = Time resting spent in this place.
 E = Time spent auto-exploring this place.
 F = Levels seen in this place.
 G = Mean time per level.
                   A        B        C        D        E       F      G
               +--------+--------+--------+--------+--------+-----+--------+
         Total |   3639 |   3389 |    250 |    817 |   1939 |   4 |  909.8 |
       Dungeon |   3639 |   3389 |    250 |    817 |   1939 |   4 |  909.8 |
               +--------+--------+--------+--------+--------+-----+--------+

Top non-repeatable levels by time:
     D:2: 1269 daAuts
     D:1: 1001 daAuts
     D:3: 990 daAuts
     D:4: 378 daAuts
